 Seeded DCSS version 0.27.0-65-ge2af304b15 (webtiles) character file.

Game seed: 2339979216251921566 (custom seed)

84 nicksoapdish the Shield-Bearer (level 4, -1/28 HPs)
             Began as a Gargoyle Fighter on Aug 18, 2021.
             Slain by a gnoll (4 damage)
             ... on level 3 of the Dungeon.
             The game lasted 00:03:57 (2397 turns).

nicksoapdish the Shield-Bearer (Gargoyle Fighter)   Turns: 2397, Time: 00:03:58

Health: -1/28      AC:  9    Str: 21    XL:     4   Next: 45%
Magic:  4/4        EV:  5    Int:  8    God:
Gold:   103        SH:  9    Dex:  9    Spells: 3/3 levels left

rFire    . . .     SeeInvis .   a - +0 war axe
rCold    . . .     Faith    .   c - +0 kite shield
rNeg     + . .     Spirit   .   k - +1 leather armour {Will+}
rPois    ∞         Reflect  .   (no helmet)
rElec    +         Harm     .   (no cloak)
rCorr    .         Rampage  .   (no gloves)
Will     +....                  e - +0 pair of boots
Stlth    +.........             i - amulet of regeneration
HPRegen  1.09/turn              (no ring)
MPRegen  0.09/turn              (no ring)

@: mighty, constricted
A: sickness immunity, AC +3, negative energy resistance 1, electricity
resistance, torment resistance 1, petrification resistance
a: no special abilities


You were on level 3 of the Dungeon.
You visited 1 branch of the dungeon, and saw 3 of its levels.

You collected 103 gold pieces.

Inventory:

Hand Weapons
 a - a +0 war axe (weapon)
Armour
 c - a +0 kite shield (worn)
 e - a +0 pair of boots (worn)
 k - a +1 leather armour of willpower (worn)
Jewellery
 i - an amulet of regeneration (around neck)
Scrolls
 f - 2 scrolls of teleportation {unknown}
 g - a scroll of vulnerability {unknown}
 h - a scroll of noise {unknown}
 j - a scroll of identify {unknown}
 l - a scroll of blinking {unknown}
 m - a scroll of enchant weapon {unknown}


   Skills:
 + Level 3.5 Fighting
 * Level 3.4 Axes
 + Level 3.5 Armour
 + Level 3.7 Shields


You had 3 spell levels left.
You didn't know any spells.
Your spell library contained the following spells:

 Spells                   Type           Power      Damage    Failure   Level
 Animate Dead             Necr           0%         N/A       100%        4
 Petrify                  Tmut/Erth      0%         N/A       100%        4
 Borgnjor's Vile Clutch   Necr/Erth      0%         N/A       100%        5
 Metabolic Englaciation   Hex/Ice        0%         N/A       100%        5
 Death Channel            Necr           0%         N/A       100%        6
 Statue Form              Tmut/Erth      Unusable   N/A       N/A         6

Dungeon Overview and Level Annotations

Branches:
Dungeon (3/15)

Altars:


Innate Abilities, Weirdness & Mutations

You are immune to sickness and miasma.
Your stone body is resilient. (AC +3)
You are immune to poison.
You resist negative energy. (rN+)
You are resistant to electric shocks. (rElec)
You are resistant to unholy torment.
You are immune to petrification.


Message History

You hit the gnoll. The gnoll barely misses you. You block the gnoll's attack.
An endoplasm comes into view.
The gnoll hits you but does no damage. You block the gnoll's attack.
The gnoll hits you with a +0 spear.
The endoplasm quivers.
You slash the gnoll!
You kill the gnoll!
You slash the gnoll! You block the gnoll's attack. The gnoll barely misses you.
A ball python comes into view.
You block the gnoll's attack.
The ball python hisses angrily.
You slash the gnoll!
You kill the gnoll!
You block the gnoll's attack.
You see here a +0 whip.
You block the gnoll's attack.
You barely miss the gnoll. You barely miss the ball python.
You block the ball python's attack. x2; The gnoll hits you with a +0 halberd!
The ball python barely misses you. The ball python grabs you.
The ball python constricts you. The gnoll hits you with a +0 halberd!
* * * LOW HITPOINT WARNING * * *
You closely miss the gnoll. You closely miss the ball python.
The ball python barely misses you. The ball python constricts you.
You block the gnoll's attack. The ball python bites you.
* * * LOW HITPOINT WARNING * * *
The ball python constricts you.
You feel very mighty all of a sudden.
The ball python bites you but does no damage.
The ball python constricts you. The gnoll completely misses you.
You barely miss the gnoll. You closely miss the ball python.
The ball python bites you but does no damage.
The ball python constricts you. The gnoll hits you but does no damage.
You block the ball python's attack. The ball python constricts you.
The gnoll hits you with a +0 halberd.
* * * LOW HITPOINT WARNING * * *
You completely miss the gnoll. You closely miss the ball python.
You block the ball python's attack. The ball python constricts you.
* * * LOW HITPOINT WARNING * * *
The gnoll hits you with a +0 halberd.
You die...

######### ...<....#
#.###.....##########
..............S....#####
#..#.....##.Jg@.......#
#.....).##.#####.###.#
#..#..#.####.# #.###.##
#..# #)# #.# #.##...###
..# #.#
#.#####....#....... .
..J ........[.........#
#.. ........#.........#
.#.# #.###.#.#.........#
# .# ##.#............


You could see a gnoll, an endoplasm and a ball python.

Vanquished Creatures
  2 gnolls (D:3)
  An adder (D:2)
  2 dart slugs
  3 ball pythons
  6 bats
  6 endoplasms
  A giant cockroach (D:2)
  5 goblins
  6 hobgoblins
  5 jackals
  3 kobolds
  2 quokkas
  3 frilled lizards
  A rat (D:1)
46 creatures vanquished.

Notes
Turn   | Place    | Note
-------+----------+-------------------------------------------
     0 | D:1      | nicksoapdish the Gargoyle Fighter began the quest for the
                  | Orb.
     0 | D:1      | Reached XP level 1. HP: 14/14 MP: 1/1
   177 | D:1      | Reached XP level 2. HP: 10/19 MP: 2/2
   658 | D:1      | Found a faded altar of an unknown god.
  1067 | D:1      | Reached XP level 3. HP: 15/23 MP: 3/3
  1904 | D:2      | Reached XP level 4. HP: 28/28 MP: 4/4
  2397 | D:3      | Slain by a gnoll

Illustrated notes

Levels and vault maps discovered:
D:1:      dpeg_arrival_tiny_a, layout_loops_corners,
          ebering_ecumenical_altar_mist
D:2:      layout_basic
D:3:      layout_loops_ring, mainiacjoe_overflow_small_starburst,
          cheibriados_altar_1, minmay_misc_feat_diagonals

Skill      XL: |  1  2  3 |
---------------+----------+-----
Axes           | 2 3 |  3.4
Fighting       | |  3.5
Armour         | |  3.5
Shields        | |  3.7

Action                   |  1- 3 |  4- 6 || total
-------------------------+-------+-------++-------
Melee: War axe           |   140 |    18 ||   158
  Use: Potion            |       |     1 ||     1
Armor: Scale mail        |    62 |       ||    62
       Leather armour    |    34 |     8 ||    42
Dodge: Dodged            |    63 |     7 ||    70
Block: Kite shield       |    89 |    16 ||   105
